 Dungeon Crawl Stone Soup version 0.30-a0-1164-ge08a67761e (webtiles) character file.

Game seed: 17563875658159637368

751 backslashecho the Chopper (level 8, 0/69 HPs)
             Began as a Meteoran Delver on Apr 29, 2023.
             Was an Initiate of Cheibriados.
             Slain by a centaur (5 damage)
             ... on level 5 of the Dungeon.
             The game lasted 00:09:19 (1579 turns).

backslashecho the Chopper (Meteoran Delver)         Turns: 1579, Time: 00:09:19

Health: 0/69       AC:  7    Str: 17    XL:     8   Next: 27%
Magic:  10/10      EV: 12    Int:  9    God:    Cheibriados [......]
Gold:   213        SH:  0    Dex: 16    Spells: 7/7 levels left

rFire   + . .        a - +0 hand axe
rCold   . . .        (no shield)
rNeg    . . .        i - +1 ring mail "Mov Exin" {rF+ Will++ rCorr Int-4 Slay+3}
rPois   .            (no helmet)
rElec   .            (no cloak)
rCorr   +            (no gloves)
SInv    .            v - +0 pair of boots
Will    ++++.        u - amulet of faith
Stlth   +            r - ring of willpower
HPRegen 0.31/turn    (no ring)
MPRegen 0.12/turn

%: faith
@: brilliant, glowing, very slow
A: sense surroundings 1, otherworldly, glowing, explore regen
a: Renounce Religion


You were on level 5 of the Dungeon.
You worshipped Cheibriados.
Cheibriados was noncommittal.
You visited 1 branch of the dungeon, and saw 5 of its levels.

You collected 213 gold pieces.

Inventory:

Hand Weapons
 a - a +0 hand axe (weapon)
Missiles
 k - 6 poisoned darts (quivered)
 m - 8 javelins
Armour
 i - the +1 ring mail "Mov Exin" (worn) {rF+ Will++ rCorr Int-4 Slay+3}
   (You found it on level 2 of the Dungeon)

   Int:       It affects your intelligence (-4).
   Slay:      It affects your accuracy & damage with ranged weapons and melee
   (+3).
   rF:        It protects you from fire.
   rCorr:     It protects you from acid and corrosion.
   Will:      It greatly increases your willpower.
 v - a +0 pair of boots (worn)
Jewellery
 r - a ring of willpower (left hand)
 u - an amulet of faith (around neck)
Wands
 b - a wand of flame (8)
 g - a wand of digging (2)
 t - a wand of roots (5)
 x - a wand of paralysis (2)
 y - a wand of quicksilver (8)
Scrolls
 c - 2 scrolls of fog
 d - 2 scrolls of magic mapping
 e - a scroll of fear
 h - 2 scrolls of identify
 j - a scroll of torment {unknown}
 l - a scroll of immolation {unknown}
 n - 2 scrolls of amnesia {unknown}
 o - 2 scrolls of teleportation {unknown}
Potions
 f - 2 potions of haste
 p - a potion of flight
 q - 2 potions of magic


   Skills:
 + Level 5.5 Fighting
 * Level 7.3 Axes
 + Level 2.9 Armour
 - Level 4.0 Dodging
 - Level 3.7 Stealth
 - Level 1.0 Unarmed Combat
 + Level 2.1 Invocations


You had 7 spell levels left.
You didn't know any spells.
Your spell library contained the following spells:

 Spells                   Type           Power      Damage    Failure   Level
 Freeze                   Ice            0%         1d3       58%         1
 Magic Dart               Conj           0%         1d3       58%         1
 Searing Ray              Conj           0%         2d4       73%         2
 Dazzling Flash           Conj/Hex       0%         N/A       91%         3
 Frozen Ramparts          Ice            0%         1d1       91%         3
 Hailstorm                Conj/Ice       0%         3d3       91%         3
 Volatile Blastmotes      Fire/Tloc      0%         2d10      91%         3
 Fulminant Prism          Conj/Hex       0%         3d5       100%        4
 Iskenderun's Mystic Bla  Conj/Tloc      0%         2d3       100%        4
 Starburst                Conj/Fire      0%         6d3       100%        6


Dungeon Overview and Level Annotations

Branches:
Dungeon (5/15) Zot: 2171
 Temple: D:4-7

Altars:
Cheibriados
Xom


Innate Abilities, Weirdness & Mutations

You passively map a small area around you.
You are easily found by Zot.
You glow in the dark.
You regain HP and MP as you explore.


Message History

You take 2 damage, and have 24/69 hp.
You feel very sick.
You take 1 damage, and have 23/69 hp.
You feel sick.
You see here a +2 scale mail of poison resistance.
Press: ? - help, v - describe, . - travel, g - get item Item here: a +2 scale mail of poison resistance.
The floor.
Unknown command.
You feel sick.
You feel sick.
You take 1 damage, and have 24/69 hp.
You feel sick.
A centaur comes into view.
You regained 5 hp, and now have 29/69 hp.
The centaur wields a +0 shortbow.
The centaur shoots an arrow.
The arrow hits you!
* * * LOW HITPOINT WARNING * * *
You take 10 damage, and have 19/69 hp.
You feel sick.
The centaur shoots an arrow.
The arrow hits you!
* * * LOW HITPOINT WARNING * * *
You see here 21 gold pieces.
You take 9 damage, and have 10/69 hp.
Okay, then.
You feel sick.
You take 1 damage, and have 9/69 hp.
Okay, then.
You feel sick.
The centaur unwields a +0 shortbow.
The centaur hits you.
* * * LOW HITPOINT WARNING * * *
The centaur kicks you but does no damage.
You take 4 damage, and have 5/69 hp.
Aiming: Fastroot
Press: ? - help, Shift-Dir - straight line The roots erupt in riotous growth!
Roots grab the centaur.
The grasping roots constrict the centaur.
You feel sick.
You are no longer poisoned.
The centaur hits you.
You die...

.... ..#... #...##.....$
.....#.......## .#
..#........# ###
####.........# ##.##
..#.....#...## ##...##
......##.....###.....##
.......#......#.......#
..###..........c@.$..#
..###...........#....#
#.....†.........#.....#
#.#..........[..##....#
...............##.....#
.....##.....).........#
...........)).........#
.......#.#.....##.....#
...##..###....##,......**


You could see a centaur (rooted).

Vanquished Creatures
  Grinder (D:3)
  A water moccasin (D:5)
  A howler monkey (D:5)
  4 crimson imps (D:4)
  A hound (D:5)
  2 jellies (D:5)
  An orc priest (D:5)
  Jessica (D:2)
  Terence (D:3)
  3 gnolls (D:4)
  2 adders
  A white imp (D:5)
  2 dart slugs (D:3)
  2 orcs (D:5)
  5 endoplasms
  A giant cockroach (D:2)
  2 goblins
  6 hobgoblins
  4 jackals (D:2)
  6 kobolds
  4 quokkas
  3 ball pythons
  6 bats
  A frilled lizard (D:2)
  4 rats
65 creatures vanquished.

Notes
Turn   | Place    | Note
-------+----------+-------------------------------------------
     0 | D:5      | backslashecho the Meteoran Delver began the quest for the
                  | Orb.
     0 | D:5      | Reached XP level 1. HP: 19/19 MP: 2/2
    88 | D:4      | Reached skill level 3 in Axes
    88 | D:4      | Reached XP level 2. HP: 26/26 MP: 3/3
   136 | D:2      | Identified the +1 ring mail "Mov Exin" {rF+ Will++ rCorr
                  | Int-4 Slay+3}
   166 | D:2      | Reached skill level 1 in Unarmed Combat
   193 | D:1      | Reached XP level 3. HP: 21/31 MP: 4/4
   631 | D:2      | Noticed Jessica
   635 | D:2      | Killed Jessica
   636 | D:2      | Reached skill level 4 in Axes
   636 | D:2      | Reached XP level 4. HP: 40/40 MP: 5/5
   853 | D:3      | Reached XP level 5. HP: 44/46 MP: 6/6
   862 | D:3      | Found a faded altar of an unknown god.
   885 | D:3      | Noticed Grinder
   894 | D:3      | Killed Grinder
   895 | D:3      | Reached skill level 5 in Axes
   895 | D:3      | Reached XP level 6. HP: 45/53 MP: 7/7
  1023 | D:3      | Noticed Terence
  1033 | D:3      | Killed Terence
  1064 | D:3      | Reached XP level 7. HP: 48/60 MP: 8/8
  1186 | D:4      | Found a shimmering altar of Xom.
  1228 | D:4      | Reached skill level 6 in Axes
  1228 | D:4      | Reached skill level 1 in Armour
  1298 | D:4      | Reached skill level 5 in Fighting
  1386 | D:5      | Found a snail-covered altar of Cheibriados.
  1419 | D:5      | Became a worshipper of Cheibriados the Contemplative
  1528 | D:5      | Reached skill level 1 in Invocations
  1534 | D:5      | Reached skill level 7 in Axes
  1534 | D:5      | Reached XP level 8. HP: 64/68 MP: 8/10
  1579 | D:5      | Slain by a centaur

Illustrated notes

Levels and vault maps discovered:
D:1:      amcnicky_arrival_flooded_fountain, layout_loops_ring
D:2:      layout_basic, minmay_statues_item, uniq_jessica
D:3:      layout_loops_cross, shapermc_ecumenical_altar_pompeii, st_stairs_12,
          uniq_terence, uniq_grinder
D:4:      layout_loops_cross, led_xom_imps, serial_park_tiny_2
D:5:      layout_cave_pools, amcnicky_altar_gilded,
          minmay_temple_entry_enclosed_plants

Skill      XL: |  1  2  3  4  5  6  7  8 |
---------------+-------------------------+-----
Axes           | 3 4 5 7 |  7.3
Unarmed Combat | 1 |  1.0
Dodging        | 3 4 |  4.0
Fighting       | 4 5 |  5.5
Armour         | 2 |  2.9
Invocations    | 1 2 |  2.1
Stealth        | |  3.7

Action                     |  1- 3 |  4- 6 |  7- 9 || total
---------------------------+-------+-------+-------++-------
  Melee: Hand axe          |    51 |    38 |   151 ||   240
         Punch             |     1 |     1 |     3 ||     5
  Throw: Dart              |       |     3 |       ||     3
  Evoke: Wand              |       |     5 |     5 ||    10
    Use: Scroll            |       |     1 |     3 ||     4
         Potion            |       |       |     2 ||     2
   Stab: Sleeping          |       |     1 |       ||     1
         Paralysed         |       |       |     2 ||     2
 Armour: Leather armour    |     2 |       |       ||     2
         Ring mail         |    14 |    19 |    72 ||   105
  Dodge: Dodged            |    24 |    30 |    59 ||   113

Table legend: (Time is in decaauts)
 A = Elapsed time spent in this place.
 B = Non-inter-level travel time spent in this place.
 C = Inter-level travel time spent in this place.
 D = Time resting spent in this place.
 E = Time spent auto-exploring this place.
 F = Levels seen in this place.
 G = Mean time per level.
                   A        B        C        D        E       F      G
               +--------+--------+--------+--------+--------+-----+--------+
         Total |   1613 |   1545 |     68 |      0 |    262 |   5 |  322.6 |
       Dungeon |   1613 |   1545 |     68 |      0 |    262 |   5 |  322.6 |
               +--------+--------+--------+--------+--------+-----+--------+

Top non-repeatable levels by time:
     D:1: 402 daAuts
     D:3: 344 daAuts
     D:2: 329 daAuts
     D:4: 299 daAuts
     D:5: 237 daAuts
